 Dungeon Crawl Stone Soup version 0.30-a0-170-g85af917532 (webtiles) character file.

Game seed: 10938169740093391715

59 KennySheep the Chopper (level 4, -3/37 HPs)
             Began as a Barachi Berserker on Oct 1, 2022.
             Was a Believer of Trog.
             Slain by an iguana (9 damage)
             ... on level 2 of the Dungeon.
             The game lasted 00:02:56 (963 turns).

KennySheep the Chopper (Barachi Berserker)           Turns: 963, Time: 00:02:57

Health: -3/37      AC: 10    Str: 20    XL:     4   Next: 3%
Magic:  4/4        EV:  8    Int:  8    God:    Trog [**....]
Gold:   106        SH:  0    Dex: 11    Spells: 3/3 levels left

rFire   . . .      SeeInvis .    a - +0 hand axe
rCold   . . .      Faith    .    (no shield)
rNeg    . . .      Spirit   .    i - +1 chain mail
rPois   .          Reflect  .    (no helmet)
rElec   .          Harm     .    (no cloak)
rCorr   .          Rampage  .    (no gloves)
Will    .....                    (no boots)
Stlth   ..........               (no amulet)
HPRegen 0.12/turn                (no ring)
MPRegen 0.09/turn                (no ring)

@: slow
A: amphibious, slowness 1, strong legs 1, +LOS
a: Hop, Renounce Religion, Berserk, Trog's Hand


You were on level 2 of the Dungeon.
You worshipped Trog.
Trog was pleased with you.
You visited 1 branch of the dungeon, and saw 2 of its levels.

You collected 106 gold pieces.

Inventory:

Hand Weapons
 a - a +0 hand axe (weapon)
Armour
 b - a +0 animal skin
 i - a +1 chain mail (worn)
Scrolls
 c - 2 scrolls of enchant armour
 d - a scroll of poison {unknown}
 f - a scroll of magic mapping
 g - a scroll of teleportation
 h - a scroll of acquirement {unknown}
 j - a scroll of blinking {unknown}
Potions
 e - a potion of curing {unknown}


   Skills:
 + Level 4.1 Fighting
 * Level 4.2 Axes
 + Level 3.1 Armour
 + Level 2.8 Dodging


You had 3 spell levels left.
You didn't know any spells.
Your spell library was empty.

Dungeon Overview and Level Annotations

Branches:
Dungeon (2/15)

Altars:

Shops:
D:1 =


Innate Abilities, Weirdness & Mutations

You are amphibious.
You cover ground slowly.
You can hop short distances.
You have an extended range of vision and can be seen from far away.


Message History

You slash the ball python zombie!
You destroy the ball python zombie!
Trog accepts your kill.
You barely miss the iguana.
The iguana bites you but does no damage.
You barely miss the iguana. You hit the endoplasm but do no damage.
The iguana closely misses you. The endoplasm freezes you.
You are frozen.
You hit the iguana but do no damage. You hit the endoplasm.
You kill the endoplasm!
Trog accepts your kill.
The iguana bites you but does no damage.
You hit the iguana.
The iguana is lightly wounded.
The iguana bites you.
You hit the iguana but do no damage.
The iguana is lightly wounded.
The iguana bites you!
You hit the iguana.
The iguana is moderately wounded.
The iguana barely misses you.
You barely miss the iguana.
The iguana is moderately wounded.
The iguana bites you!
You hit the iguana.
The iguana is heavily wounded.
The iguana closely misses you.
You closely miss the iguana. Your punch misses the iguana.
The iguana is heavily wounded.
The iguana bites you but does no damage.
The iguana closely misses you.
You barely miss the iguana.
The iguana is moderately wounded.
The iguana bites you.
* * * LOW HITPOINT WARNING * * *
You barely miss the iguana.
The iguana is moderately wounded.
The iguana bites you!
You die...

.....## #.#.).
#....# . ..... ..>
#...# . ......#.#
#...###...
....#....# #...!..
#........##l).#
#..#.#+##..@#.#
.......[....# ##
#### #..........# .
..# #..........#
#.###..........#
#.##...........#
#####.....##########
....)>....#
........###


You could see an iguana.

Vanquished Creatures
  A hound zombie (D:2)
  An adder zombie (D:2)
  An adder skeleton (D:2)
  3 dart slugs (D:1)
  4 ball pythons (D:1)
  A bat skeleton (D:2)
  An endoplasm (D:2)
  2 giant cockroaches (D:1)
  6 goblins
  A quokka (D:2)
  A ball python skeleton (D:2)
  A ball python zombie (D:2)
  3 bats (D:1)
  A frilled lizard (D:1)
  4 kobolds
  2 rats
33 creatures vanquished.

Vanquished Creatures (others)
  2 withered plants (D:2)
2 creatures vanquished.

Grand Total: 35 creatures vanquished

Notes
Turn   | Place    | Note
-------+----------+-------------------------------------------
     0 | D:1      | KennySheep the Barachi Berserker began the quest for the
                  | Orb.
     0 | D:1      | Reached XP level 1. HP: 18/18 MP: 1/1
    54 | D:1      | Reached XP level 2. HP: 7/25 MP: 2/2
   280 | D:1      | Found a faded altar of an unknown god.
   610 | D:1      | Found Nima's Jewellery Shoppe.
   619 | D:1      | Reached XP level 3. HP: 27/30 MP: 3/3
   935 | D:2      | Reached ** piety under Trog
   951 | D:2      | Reached XP level 4. HP: 35/37 MP: 4/4
   963 | D:2      | Slain by an iguana

Illustrated notes

Levels and vault maps discovered:
D:1:      ncdulo_watergridlock, layout_rooms,
          dreamdust_ecumenical_altar_angels_and_demons, serial_shops,
          nicolae_diamond_shop
D:2:      layout_basic, serial_undead, serial_undead_f, serial_undead_c,
          serial_undead_f, serial_undead_a, serial_undead_b, serial_undead_d,
          item_on_display_a

Skill      XL: |  1  2  3 |
---------------+----------+-----
Fighting       | 4 |  4.1
Axes           | 4 |  4.2
Armour         | 3 |  3.1
Dodging        | |  2.8

Action                   |  1- 3 |  4- 6 || total
-------------------------+-------+-------++-------
Melee: Hand axe          |    77 |    13 ||    90
       Punch             |     1 |       ||     1
  Use: Scroll            |     3 |       ||     3
Armor: Animal skin       |    17 |       ||    17
       Chain mail        |    21 |     5 ||    26
Dodge: Dodged            |    54 |     6 ||    60

Table legend: (Time is in decaauts)
 A = Elapsed time spent in this place.
 B = Non-inter-level travel time spent in this place.
 C = Inter-level travel time spent in this place.
 D = Time resting spent in this place.
 E = Time spent auto-exploring this place.
 F = Levels seen in this place.
 G = Mean time per level.
                   A        B        C        D        E       F      G
               +--------+--------+--------+--------+--------+-----+--------+
         Total |   1064 |   1009 |     55 |    224 |    570 |   2 |  532.0 |
       Dungeon |   1064 |   1009 |     55 |    224 |    570 |   2 |  532.0 |
               +--------+--------+--------+--------+--------+-----+--------+

Top non-repeatable levels by time:
     D:1: 869 daAuts
     D:2: 194 daAuts
